Kradschützen Motorcycle Team
Construct Light Support Kompanie
le.IG 18 Support Gun Team
Construct Mechanized Kompanie
Marder III Tank Destroyer
Marder III Tank Destroyer
Pak 38 Anti-tank Gun Team
Marder III Tank Destroyer
18-tonne Recovery Half-track
Selects Italian Combined Arms Battlegroup
Selects Semovente da 75/18 Assault Gun
Marder III Tank Destroyer
Selects Bersaglieri Squad
Selects Bersaglieri Bolster
Selects Breda Model 30 Light Machine Guns